 Dungeon Crawl Stone Soup version 0.31-a0-521-gc7390f8997 (webtiles) character file.

Game seed: 8393685562286668526

228 Newt the Cudgeller (level 6, -4/37 HPs)
             Began as a Gargoyle Fighter on Aug 10, 2023.
             Slain by an ogre
             ... wielding a +0 giant spiked club
              (29 damage)
             ... on level 3 of the Dungeon.
             The game lasted 00:01:38 (1558 turns).

Newt the Cudgeller (Gargoyle Fighter)               Turns: 1558, Time: 00:01:38

Health: -4/37      AC: 11    Str: 22    XL:     6   Next: 2%
Magic:  6/6        EV:  9    Int:  8    God:
Gold:   171        SH:  4    Dex:  9    Spells: 5/5 levels left

rFire   . . .        a - +0 flail
rCold   . . .        c - +0 buckler
rNeg    + . .        b - +0 scale mail
rPois   ∞            (no helmet)
rElec   +            (no cloak)
rCorr   .            (no gloves)
SInv    .            (no boots)
Will    .....        (no amulet) Stlth
                     (no ring)
HPRegen 0.26/turn    (no ring)
MPRegen 0.10/turn

%: no passive effects
@: no status effects
A: sickness immunity, AC +4, negative energy resistance 1, electricity
resistance, torment resistance 1, petrification resistance
a: no special abilities


You were on level 3 of the Dungeon.
You visited 1 branch of the dungeon, and saw 3 of its levels.

You collected 171 gold pieces.

Inventory:

Hand Weapons
 a - a +0 flail (weapon)
Missiles
 h - 6 poisoned darts
Armour
 b - a +0 scale mail (worn)
 c - a +0 buckler (worn)
Jewellery
 d - an amulet of magic regeneration
Scrolls
 g - a scroll of immolation
Potions
 e - a potion of mutation
 f - a potion of lignification {unknown}
 k - a potion of resistance


   Skills:
 - Level 3.2 Fighting
 + Level 6.1 Maces & Flails
 - Level 3.2 Armour
 - Level 3.2 Shields


You had 5 spell levels left.
You didn't know any spells.
Your spell library contained the following spells:

 Spells                   Type           Power      Damage    Failure   Level
 Gell's Gravitas          Tloc           0%         N/A       99%         3
 Teleport Other           Tloc           0%         N/A       99%         3
 Dispersal                Tloc           0%         N/A       100%        6


Dungeon Overview and Level Annotations

Branches:
Dungeon (3/15)

Altars:


Innate Abilities, Weirdness & Mutations

You are immune to sickness and miasma.
Your stone body is resilient. (AC +4)
You are immune to poison.
You resist negative energy. (rN+)
You are resistant to electric shocks. (rElec)
You are resistant to unholy torment.
You are immune to petrification.


Message History

You hit the worm.
You kill the worm!
You have reached level 6!
HP restored.
A dart slug comes into view.
A dart slug is nearby!
You see here a worm corpse.
The dart slug launches a dart at you.
The slug dart hits you but does no damage.
You hit the dart slug but do no damage. The dart slug barely misses you.
You hit the dart slug.
The dart slug is moderately wounded.
You block the dart slug's attack.
You sock the dart slug!
You kill the dart slug!
An orc comes into view. It is wielding a +0 short sword.
The orc shouts!
The orc moves out of view.
An ogre comes into view. It is wielding a +0 giant spiked club.
The ogre shouts!
You thump the orc!
You kill the orc!
You hear an angry hiss.
Things that are here:
a +0 short sword; an orc corpse You barely miss the ogre.
You block the ogre's attack.
You closely miss the ogre. You block the ogre's attack.
You sock the ogre!
The ogre is moderately wounded.
The ogre hits you with a +0 giant spiked club.
You barely miss the ogre.
The ogre is moderately wounded.
You hit the ogre.
The ogre is heavily wounded.
The ogre hits you with a +0 giant spiked club!
You hit the ogre.
The ogre is severely wounded.
The ogre hits you with a +0 giant spiked club!!
Ouch! That really hurt!
You die...

#b#.# #.# ##.#
#b#.# #.# #.#
#.#.#####.#####
###
#b...........#.
###.#######†##.##
#b# ##.##.# #.#
#..#..# #.##
##.##O## ##..#
#..#@.# #.<.#
#.##)## #.....#
##.##.# #.......#
#.....# ........#
####### #.......#
##.......
##.......
...).....


You could see an ogre.

Vanquished Creatures
  Sigmund (D:2)
  An adder (D:3)
  A worm (D:3)
  5 dart slugs
  An orc (D:3)
  3 bats
  7 endoplasms
  6 goblins
  4 hobgoblins
  3 kobolds
  2 quokkas
  6 ball pythons
  3 frilled lizards
  3 rats
46 creatures vanquished.

Notes
Turn   | Place    | Note
-------+----------+-------------------------------------------
     0 | D:1      | Newt the Gargoyle Fighter began the quest for the Orb.
     0 | D:1      | Reached XP level 1. HP: 14/14 MP: 1/1
    60 | D:1      | Reached XP level 2. HP: 19/19 MP: 2/2
   236 | D:1      | Reached skill level 3 in Maces & Flails
   435 | D:1      | Reached XP level 3. HP: 23/23 MP: 3/3
   702 | D:2      | Found a faded altar of an unknown god.
   703 | D:2      | Noticed Sigmund
   714 | D:2      | Killed Sigmund
   715 | D:2      | Reached skill level 5 in Maces & Flails
   715 | D:2      | Reached XP level 4. HP: 16/28 MP: 4/4
   715 | D:2      | Reached XP level 5. HP: 19/32 MP: 5/5
  1442 | D:3      | Reached skill level 6 in Maces & Flails
  1511 | D:3      | Reached XP level 6. HP: 31/37 MP: 6/6
  1558 | D:3      | Slain by an ogre

Illustrated notes

Levels and vault maps discovered:
D:1:      heliophobic_arrival_ceremonial_halls, layout_loops_ring
D:2:      layout_basic, shapermc_ecumenical_altar_venn, uniq_sigmund
D:3:      minmay_angry_zag, layout_loops_ring, trog_butcher_becter,
          lemuel_tele_altar

Skill      XL: |  1  2  3  4  5 |
---------------+----------------+-----
Maces & Flails | 3 5 6 |  6.1
Fighting       | |  3.2
Armour         | |  3.2
Shields        | |  3.2

Action                     |  1- 3 |  4- 6 || total
---------------------------+-------+-------++-------
  Melee: Flail             |    70 |    67 ||   137
    Use: Potion            |     1 |       ||     1
         Scroll            |       |     7 ||     7
 Armour: Scale mail        |    40 |    22 ||    62
  Dodge: Dodged            |    24 |    23 ||    47
  Block: Buckler           |    10 |    13 ||    23

Table legend: (Time is in decaauts)
 A = Elapsed time spent in this place.
 B = Non-inter-level travel time spent in this place.
 C = Inter-level travel time spent in this place.
 D = Time resting spent in this place.
 E = Time spent auto-exploring this place.
 F = Levels seen in this place.
 G = Mean time per level.
                   A        B        C        D        E       F      G
               +--------+--------+--------+--------+--------+-----+--------+
         Total |   1586 |   1557 |     29 |    126 |   1091 |   3 |  528.7 |
       Dungeon |   1586 |   1557 |     29 |    126 |   1091 |   3 |  528.7 |
               +--------+--------+--------+--------+--------+-----+--------+

Top non-repeatable levels by time:
     D:1: 643 daAuts
     D:2: 617 daAuts
     D:3: 326 daAuts
